Map: Emerald City CE

Players

Tanaris

  • Race: Protoss Protoss
  • Spawn Location: 5:00

Halrook

  • Race: Terran Terran
  • Spawn Location: 5:00

Ekelpack - Winner!

  • Race: Zerg Zerg
  • Spawn Location: 11:00

Nyck - Winner!

  • Race: Terran Terran
  • Spawn Location: 11:00

VOD

Have the link to the VOD?

Description

Time

  • Played on: Feb. 4, 2025, 1:50 p.m.
  • Length: 31:51
Show
View Real Time Build Order
Export as new Build Order

Tanaris Protoss 

Build Orders: Phoenix Opening, Mass Phoenix 

Get SALT Encoding   

  12  0:01  Probe  
  13  0:14  Pylon  
  13  0:18  Probe  
  14  0:32  Probe  
  14  0:34  Gateway  
  14  0:41  Probe  
  15  0:48  Assimilator  
  16  0:50  Probe  
  17  0:57  Assimilator  
  17  0:58  Probe  
  18  1:06  Probe  
  19  1:16  Probe  
  19  1:21  Cybernetics Core  
  20  1:27  Pylon  
  20  1:29  Probe  
  21  1:41  Probe  
  22  1:53  Probe  
  23  2:00  Stargate  
  23  2:21  Forge  
  23  2:26  Stargate  
  23  2:30  Pylon  
  23  2:43  Phoenix  
  25  2:57  Photon Cannon  
  25  3:12  Phoenix  
  27  3:14  Phoenix  
  27  3:15  Nexus  
  29  3:37  Phoenix  
  31  3:52  Phoenix  
  33  3:58  Pylon  
  33  4:14  Phoenix  
  33  5:29  Probe  
  34  5:36  Assimilator  
  34  5:37  Probe  
  34  5:41  Assimilator  
  34  5:42  Phoenix x2  
  39  5:46  Pylon  
  39  5:47  Probe  
  40  5:50  Fleet Beacon  
  40  5:54  Pylon  
  40  5:56  Probe  
  40  6:00  Nexus  
  40  6:03  Pylon  
  41  6:04  Probe  
  42  6:13  Probe  
  43  6:25  Probe  
  40  6:37  Probe  
  35  7:15  Phoenix x2  
  39  7:24  Pylon  
  39  7:25  Photon Cannon  
  39  7:29  Photon Cannon  
  39  7:31  Shield Battery  
  39  7:34  Pylon  
  39  7:37  Probe, Photon Cannon  
  40  7:44  Phoenix, Pylon  
  40  7:49  Probe  
  43  8:01  Probe  
  42  8:14  Probe  
  42  8:15  Phoenix x2  
  43  8:26  Probe  
  48  8:31  Anion Pulse-Crystals  
  47  8:50  Phoenix  
  47  8:51  Phoenix  
  39  9:06  Phoenix  
  38  9:16  Phoenix  
  42  9:35  Phoenix  
  44  9:54  Nexus  
  44  9:56  Pylon  
  44  10:39  Phoenix  
  44  10:40  Phoenix  
  48  10:51  Cybernetics Core  
  48  11:00  Protoss Air Weapons Level 1  
  48  11:06  Probe  
  49  11:14  Probe  
  50  11:23  Probe, Phoenix x2  
  55  11:36  Probe  
  56  11:44  Protoss Air Armor Level 1  
  56  11:48  Probe  
  55  12:23  Phoenix x2  
  59  12:48  Phoenix x2  
  59  12:50  Probe  
  63  12:58  Probe  
  65  13:07  Nexus  
  65  13:08  Probe  
  65  13:09  Pylon  
  66  13:20  Probe  
  67  13:32  Probe  
  68  13:42  Nexus  
  62  14:12  Robotics Facility x2  
  62  14:14  Pylon  
  62  14:20  Pylon  
  62  14:21  Photon Cannon  
  62  14:23  Photon Cannon  
  62  14:24  Photon Cannon  
  62  14:26  Shield Battery  
  62  14:27  Shield Battery  
  62  14:33  Shield Battery  
  56  14:52  Immortal x2  
  62  15:23  Immortal  
  62  15:33  Immortal  
  70  15:38  Probe  
  70  15:42  Probe  
  72  15:50  Probe  
  73  16:02  Probe  
  74  16:07  Immortal  
  78  16:14  Probe  
  79  16:26  Probe  
  80  16:38  Probe  
  80  17:00  Immortal x2  
  49  18:05  Phoenix  
  49  18:07  Immortal x2  
  49  18:10  Phoenix  
  61  18:21  Protoss Air Weapons Level 2  
  61  18:22  Protoss Air Armor Level 2  
  61  19:14  Probe  
  61  19:22  Probe  
  63  19:32  Probe  
  64  19:42  Probe  
  65  19:50  Probe  
  65  19:52  Assimilator  
  65  19:56  Assimilator  
  65  19:59  Probe  
  66  20:05  Nexus  
  66  20:06  Probe  
  68  20:07  Pylon  
  68  20:11  Probe  
  69  20:16  Nexus  
  69  20:17  Immortal  
  69  20:18  Probe, Pylon, Immortal  
  78  20:23  Probe  
  78  20:30  Probe  
  78  20:35  Pylon  
  79  20:42  Probe  
  70  20:53  Probe  
  70  20:54  Probe  
  70  20:55  Pylon, Phoenix x2  
  76  21:05  Probe  
  77  21:14  Probe  
  78  21:22  Probe  
  78  21:24  Photon Cannon  
  78  21:25  Photon Cannon  
  78  21:28  Protoss Air Weapons Level 3  
  78  21:30  Shield Battery  
  78  21:31  Probe  
  80  21:43  Probe  
  81  21:55  Probe  
  81  21:57  Pylon  
  81  22:01  Pylon  
  82  22:05  Photon Cannon  
  82  22:07  Probe, Phoenix x2  
  75  22:47  Immortal x2  
  81  23:28  Immortal x2  
  85  24:33  Immortal x2  
  93  25:29  Nexus  
  93  25:31  Pylon  
  93  25:51  Shield Battery x2  
  93  25:56  Shield Battery  
  93  26:01  Shield Battery  
  93  26:03  Pylon  
  93  26:08  Observer x2  
  88  27:18  Phoenix x2  
  16  28:27  Nexus  
  16  30:08  Observer  
  16  30:34  Probe  
  16  30:42  Probe  
  18  30:51  Probe  
  19  30:59  Probe  
  20  31:07  Probe  
  21  31:18  Probe  
Show
View Real Time Build Order
Export as new Build Order

Halrook Terran 

Build Orders: Mech 

Get SALT Encoding   

  12  0:00  SCV  
  13  0:12  SCV  
  14  0:21  Supply Depot  
  14  0:24  SCV  
  15  0:43  SCV, Barracks  
  16  0:50  Refinery  
  16  0:55  SCV  
  17  0:57  Refinery  
  17  1:07  SCV  
  18  1:19  SCV  
  19  1:31  SCV  
  20  1:34  Reaper  
  20  1:37  Supply Depot  
  21  1:43  SCV  
  22  1:51  Factory  
  22  1:55  SCV  
  23  2:07  Supply Depot, SCV  
  24  2:12  Barracks Reactor  
  24  2:20  SCV  
  25  2:28  Supply Depot  
  26  2:40  Factory Reactor  
  25  2:50  Command Center  
  25  2:58  SCV  
  26  3:00  Reaper x2  
  28  3:10  SCV  
  29  3:13  Supply Depot  
  29  3:19  Hellion  
  31  3:20  Hellion  
  33  3:32  Marine  
  34  3:39  Marine  
  34  3:40  SCV, Hellion  
  38  3:50  Marine  
  38  3:52  SCV  
  38  3:53  Armory  
  40  4:03  Hellion  
  40  4:07  Hellion  
  44  4:11  SCV  
  45  4:20  Marine x2  
  47  4:24  Hellion  
  47  4:30  Hellion  
  51  4:46  Hellion  
  51  4:48  Factory  
  51  4:51  Hellion  
  55  4:56  Orbital Command  
  55  5:06  SCV  
  56  5:07  Hellion  
  56  5:11  Terran Vehicle Weapons Level 1  
  56  5:13  Hellion  
  60  5:23  SCV x2  
  62  5:29  Hellion  
  62  5:35  SCV x2  
  66  5:42  Hellion x2  
  70  5:59  SCV x2  
  70  6:01  Hellion  
  68  6:09  Hellion  
  63  6:11  SCV x2  
  62  6:22  Hellion  
  58  6:31  Hellion, Factory Tech Lab  
  56  6:38  Marine  
  57  6:43  Hellion  
  59  6:48  Command Center  
  59  6:49  Refinery  
  59  6:50  SCV x2  
  59  6:52  Hellion  
  59  6:53  Hellion  
  65  7:02  SCV  
  65  7:05  Hellion  
  60  7:12  Refinery  
  60  7:13  Hellion  
  60  7:15  Siege Tank  
  62  7:19  Marine x2  
  62  7:26  Hellion  
  64  7:30  Refinery  
  64  7:32  Engineering Bay  
  64  7:35  Hellion  
  64  7:36  Marine, Factory  
  64  7:37  Marine  
  67  7:40  SCV  
  70  7:49  Orbital Command  
  70  7:51  Hellion  
  70  7:53  Hellion  
  70  7:54  Marine  
  70  7:56  Hellion  
  41  8:15  Hellion  
  41  8:19  Hellion  
  35  8:32  Marine x2  
  37  8:36  Hellion  
  37  8:40  Hellion  
  41  8:50  Marine x2  
  41  8:57  Hellion  
  41  9:02  Hellion  
  45  9:08  Marine  
  46  9:11  Command Center  
  46  9:12  Factory  
  46  9:18  Marine  
  46  9:19  Hellion  
  46  9:23  Hellion  
  51  9:27  Marine  
  51  9:28  SCV  
  53  9:35  Marine  
  54  9:40  SCV, Hellion  
  54  9:45  Hellion  
  59  9:46  Terran Vehicle And Ship Armor Level 1  
  59  9:57  Factory Tech Lab  
  59  10:01  Hellion  
  59  10:06  Hellion  
  63  10:17  Engineering Bay  
  63  10:18  Infernal Pre-Igniter  
  63  10:23  Hellion  
  63  10:26  Hellion  
  63  10:27  Hellion  
  69  10:37  SCV  
  71  10:47  Planetary Fortress  
  71  10:49  SCV  
  71  10:50  Planetary Fortress  
  71  10:54  Refinery  
  71  10:58  Refinery, Missile Turret x2  
  71  11:12  Factory  
  71  11:15  Hellion x2  
  71  11:18  Siege Tank  
  78  11:20  SCV  
  79  11:28  Missile Turret  
  79  11:34  SCV x3  
  82  11:46  SCV x3  
  85  12:13  Thor  
  83  12:18  Hellion x2  
  80  12:28  SCV x3  
  82  12:39  Hellion  
  82  12:40  SCV  
  82  12:42  Factory  
  85  12:45  Supply Depot  
  85  12:46  Supply Depot  
  85  12:54  Factory Tech Lab  
  85  12:57  Terran Vehicle Weapons Level 2  
  85  12:58  Supply Depot  
  85  13:06  Siege Tank, SCV x3  
  85  13:07  Hellion  
  97  13:12  Hellion  
  97  13:13  Hellion  
  97  13:19  SCV x3  
  100  13:28  Hellion  
  106  13:34  Hellion x2  
  106  13:38  Siege Tank  
  107  13:49  Hellion  
  105  13:55  Siege Tank, Hellion  
  101  14:06  Factory Tech Lab  
  101  14:09  SCV x2  
  103  14:10  Thor  
  109  14:17  Hellion x2  
  107  14:28  Hellion  
  107  14:29  Thor  
  97  14:39  Hellion x2  
  97  14:49  Siege Tank  
  95  14:53  Siege Tank  
  81  15:00  Hellion x2  
  62  15:12  Siege Tank  
  53  15:21  Siege Tank  
  56  15:22  Hellion x2  
  56  15:25  Siege Tank  
  57  15:32  SCV  
  58  15:43  Hellion x2  
  58  15:44  Cyclone  
  65  15:53  Siege Tank  
  68  15:58  Siege Tank  
  71  16:04  Hellion  
  71  16:05  Command Center  
  71  16:11  Terran Vehicle And Ship Armor Level 2  
  73  16:16  Siege Tank  
  76  16:25  Siege Tank  
  79  16:30  Siege Tank, Hellion  
  84  16:34  Hellion  
  84  16:35  SCV  
  84  16:36  SCV  
  88  16:48  Siege Tank  
  91  17:08  Siege Tank, Thor  
  100  17:21  Siege Tank  
  84  17:53  Siege Tank, Thor  
  84  17:54  Siege Tank  
  94  18:12  Orbital Command  
  87  18:25  Siege Tank, Thor  
  91  18:28  Factory Tech Lab  
  54  18:58  Siege Tank  
  51  19:06  SCV  
  51  19:07  SCV  
  51  19:08  Siege Tank  
  55  19:11  Command Center  
  55  19:16  Siege Tank  
  58  19:29  Thor  
  64  19:41  Siege Tank  
  64  19:42  SCV x2  
  69  19:48  Thor  
  75  20:07  Command Center  
  75  20:12  Siege Tank  
  75  20:13  Siege Tank  
  81  20:15  Supply Depot  
  81  20:31  Siege Tank  
  81  20:32  Planetary Fortress  
  84  20:45  Hellion x2  
  88  20:50  Factory  
  88  20:53  Supply Depot  
  88  21:03  Siege Tank  
  91  21:14  Neosteel Armor  
  91  21:16  Supply Depot  
  91  21:18  SCV x3  
  93  21:25  Planetary Fortress  
  94  21:30  SCV x3  
  94  21:32  Refinery, Hellion x2  
  101  21:40  Missile Turret  
  101  21:42  SCV x2  
  103  21:50  SCV  
  104  21:57  Supply Depot  
  104  22:01  Missile Turret  
  104  22:20  Supply Depot  
  104  22:23  Missile Turret  
  88  22:48  SCV x2  
  87  23:00  SCV x2  
  89  23:09  Factory Tech Lab  
  89  23:12  Factory Tech Lab  
  88  23:13  SCV x2, Hellion  
  90  23:50  Refinery  
  90  23:52  Command Center  
  85  24:06  Command Center  
  85  24:25  Supply Depot  
  84  24:41  Supply Depot  
  66  24:48  Supply Depot  
  66  25:03  SCV, Siege Tank  
  66  25:04  Supply Depot  
  70  25:10  SCV, Siege Tank x2  
  70  25:12  Supply Depot  
  77  25:15  SCV, Armory  
  78  25:22  Planetary Fortress, SCV  
  78  25:23  Supply Depot  
  78  25:27  SCV  
  80  25:34  SCV  
  80  25:35  Hellion  
  83  25:39  SCV  
  84  25:46  SCV  
  85  25:50  Supply Depot  
  85  25:51  SCV  
  86  25:58  Siege Tank x2, SCV  
  86  26:03  SCV  
  94  26:10  SCV  
  95  26:14  Supply Depot  
  95  26:15  SCV  
  95  26:16  Terran Vehicle Weapons Level 3  
  96  26:22  SCV  
  97  26:27  Supply Depot, SCV  
  98  26:34  SCV  
  98  26:35  Supply Depot  
  98  26:39  SCV  
  100  26:43  Missile Turret  
  100  26:46  Thor  
  106  26:52  Supply Depot  
  106  26:59  Thor  
  112  27:10  Marine x2  
  112  27:14  Barracks  
  108  28:12  Thor x2  
  114  28:14  SCV  
  121  28:23  Command Center  
  121  28:25  Missile Turret  
  121  28:31  SCV x2  
  123  28:55  Thor  
  129  29:06  Supply Depot x2  
  129  29:07  Supply Depot  
  129  29:08  Barracks Reactor  
  124  29:12  Barracks Tech Lab  
  118  29:19  Supply Depot  
  118  29:22  Supply Depot  
  118  29:31  Thor  
  124  29:59  Command Center  
  124  30:11  Supply Depot  
  124  30:32  Missile Turret  
  124  31:15  Refinery  
  124  31:18  Refinery  
Show
View Real Time Build Order
Export as new Build Order

Ekelpack Zerg - Winner!

Build Orders: Hatch First 

Get SALT Encoding   

  12  0:00  Drone  
  13  0:13  Overlord  
  13  0:17  Drone  
  14  0:31  Drone x2  
  14  0:35  Drone  
  17  0:45  Drone  
  18  0:56  Hatchery  
  17  0:59  Drone  
  17  1:01  Extractor  
  17  1:08  Drone  
  18  1:20  Spawning Pool  
  18  1:25  Drone  
  18  1:28  Drone  
  19  1:39  Drone  
  20  1:50  Overlord  
  20  2:07  Queen  
  22  2:09  Queen  
  22  2:14  Metabolic Boost  
  24  2:17  Drone  
  24  2:20  Drone  
  26  2:23  Drone  
  26  2:27  Drone  
  26  2:29  Drone  
  29  2:33  Drone  
  29  2:35  Drone  
  31  2:39  Extractor  
  30  2:45  Lair  
  30  2:54  Queen  
  32  2:59  Overlord  
  32  3:09  Spine Crawler  
  31  3:13  Spine Crawler  
  31  3:19  Zergling x8  
  34  3:20  Zergling x2  
  34  3:24  Zergling x4  
  37  3:40  Zergling x10  
  42  3:42  Overlord  
  42  4:03  Spire  
  42  4:08  Drone x2  
  42  4:09  Drone x2  
  45  4:16  Extractor  
  44  4:21  Drone  
  44  4:22  Extractor  
  43  4:37  Queen  
  40  4:53  Zergling x8  
  40  4:54  Zergling x10  
  49  5:04  Spore Crawler  
  48  5:07  Spore Crawler  
  48  5:08  Drone  
  48  5:11  Drone x2  
  50  5:31  Drone  
  50  5:32  Overlord x2  
  50  5:34  Zerg Flyer Weapons Level 1  
  51  5:43  Overlord x2  
  44  6:07  Mutalisk x4  
  44  6:08  Zergling x2, Mutalisk  
  44  6:09  Zergling x4  
  47  6:18  Drone x2  
  48  6:48  Drone x2  
  48  6:49  Drone  
  51  7:06  Mutalisk x2  
  51  7:07  Zergling x4  
  51  7:08  Zergling x2  
  55  7:25  Drone  
  56  7:31  Drone x3  
  59  7:37  Zerg Flyer Weapons Level 2  
  59  7:39  Zergling x4  
  59  8:18  Zergling x14  
  59  8:19  Zergling x10  
  71  8:50  Mutalisk x2  
  71  8:51  Mutalisk x3  
  78  9:16  Overlord x4  
  78  9:25  Infestation Pit  
  78  9:30  Hatchery  
  76  9:49  Overlord x3  
  76  9:53  Drone x3  
  79  10:05  Drone x2  
  79  10:06  Drone x5  
  72  10:40  Extractor x2  
  72  10:42  Hive  
  70  10:47  Drone x3, Hydralisk Den  
  70  10:48  Drone  
  73  10:51  Drone  
  75  11:05  Evolution Chamber  
  75  11:09  Evolution Chamber  
  73  11:14  Spore Crawler  
  73  11:15  Drone x3  
  75  11:27  Spore Crawler  
  75  11:30  Zergling x2  
  75  11:31  Zergling x12  
  75  11:32  Zergling x8  
  85  11:33  Zergling x10  
  85  11:34  Zergling x4  
  85  11:37  Zerg Melee Weapons Level 1, Zerg Ground Armor Level 1  
  92  11:46  Drone x2  
  92  11:47  Drone  
  95  11:51  Drone  
  95  11:53  Drone x2  
  95  11:54  Drone x3  
  55  12:25  Ultralisk Cavern  
  54  12:34  Roach Warren  
  53  13:11  Overlord x3  
  53  13:13  Drone x3  
  53  13:16  Chitinous Plating  
  53  13:18  Ultralisk x3  
  58  13:36  Ultralisk x2  
  70  14:20  Ultralisk  
  70  14:21  Ultralisk x2  
  88  14:26  Adrenal Glands  
  88  15:00  Ultralisk x2  
  88  15:42  Zerg Melee Weapons Level 2  
  88  15:43  Zerg Ground Armor Level 2  
  88  15:44  Anabolic Synthesis  
  88  15:50  Hatchery  
  87  16:13  Zergling x6  
  87  16:14  Zergling x2  
  91  16:40  Pneumatized Carapace  
  90  17:21  Ultralisk x3  
  90  17:22  Ultralisk  
  107  17:46  Ultralisk x2  
  113  17:58  Drone x3  
  102  17:59  Drone  
  105  18:10  Extractor  
  105  18:11  Drone x3  
  74  18:31  Zergling x4  
  74  18:32  Zergling x10  
  63  19:12  Drone x2  
  63  19:13  Drone x5  
  63  19:16  Extractor  
  69  19:35  Hatchery  
  68  19:41  Drone x4  
  72  19:59  Zerg Melee Weapons Level 3  
  72  20:04  Hydralisk Den, Ultralisk x2  
  82  20:49  Zergling x2  
  82  20:50  Zergling x8  
  85  21:00  Ultralisk x3  
  103  21:33  Zerg Ground Armor Level 3  
  103  21:52  Spore Crawler  
  100  21:54  Spore Crawler  
  100  21:58  Drone  
  100  21:59  Drone x2  
  102  22:03  Hatchery  
  101  22:20  Grooved Spines  
  93  22:36  Zerg Missile Weapons Level 1  
  93  22:39  Zergling x8  
  93  22:40  Zergling x14  
  93  22:41  Zergling x12  
  93  22:42  Zergling x12  
  93  22:43  Zergling x12  
  93  22:44  Zergling x2  
  123  23:05  Hydralisk x2  
  123  23:06  Hydralisk x6  
  123  23:07  Hydralisk  
  123  23:11  Muscular Augments  
  132  23:42  Hydralisk x4  
  132  23:43  Hydralisk  
  142  23:51  Extractor  
  142  23:52  Spore Crawler  
  142  23:53  Spore Crawler, Extractor  
  142  23:55  Spore Crawler  
  137  23:56  Drone x3  
  137  23:57  Overlord x4  
  140  24:08  Overseer  
  140  24:44  Zergling x8  
  140  24:45  Hydralisk x5  
  116  24:46  Hydralisk x6  
  116  24:47  Hydralisk  
  140  24:55  Drone x3  
  140  24:59  Zergling x4  
  144  25:00  Zergling x8  
  147  25:21  Drone x2  
  149  25:35  Overlord x2  
  149  25:51  Zergling x4  
  149  25:52  Overlord x5  
  151  26:00  Zerg Missile Weapons Level 2  
  151  26:02  Hydralisk  
  151  26:03  Hydralisk x7  
  167  26:04  Overlord x3  
  167  26:12  Unknown  
  167  26:19  Hydralisk x6  
  167  26:20  Hydralisk  
  169  26:43  Greater Spire  
  131  27:31  Ultralisk x7  
  131  27:32  Ultralisk x2  
  173  27:48  Zergling x10  
  173  27:49  Zergling x12  
  160  28:23  Overlord x2  
  160  28:29  Corruptor x4  
  160  28:31  Zergling x12  
  160  28:32  Zergling x14  
  160  28:33  Zergling x2  
  160  28:34  Zerg Missile Weapons Level 3  
  180  29:29  Brood Lord x4  
  180  29:30  Corruptor x3  
  180  29:31  Corruptor x3  
  198  30:26  Brood Lord  
Show
View Real Time Build Order
Export as new Build Order

Nyck Terran - Winner!

Build Orders:  

Get SALT Encoding   

  12  0:02  SCV  
  13  0:14  Supply Depot  
  13  0:16  SCV  
  14  0:29  SCV  
  15  0:38  Barracks  
  15  0:41  SCV  
  16  0:47  Refinery  
  16  0:53  SCV  
  17  1:12  SCV  
  17  1:17  Barracks  
  18  1:25  Orbital Command  
  18  1:31  Reaper, Refinery  
  19  1:44  Supply Depot  
  19  1:53  SCV  
  20  2:05  Barracks Reactor x2  
  20  2:09  Barracks  
  20  2:10  SCV  
  21  2:22  SCV  
  22  2:33  Command Center  
  22  2:37  SCV  
  23  2:51  SCV  
  24  2:59  Barracks  
  24  3:00  Barracks Tech Lab  
  24  3:03  Barracks  
  24  3:04  Marine x4  
  28  3:09  SCV  
  29  3:22  SCV, Marine  
  31  3:27  Supply Depot  
  31  3:40  Combat Shield  
  31  3:48  Marine x4  
  31  3:49  Barracks Reactor  
  31  3:54  Barracks Reactor  
  35  3:57  Supply Depot  
  35  4:00  SCV  
  35  4:02  Marine  
  37  4:09  Engineering Bay  
  37  4:10  Marine x2  
  39  4:18  Marine  
  39  4:19  SCV  
  39  4:20  Supply Depot  
  41  4:26  Marine x2  
  41  4:27  Marine  
  41  4:31  SCV  
  45  4:45  Marine x5  
  49  4:46  Marine x3  
  53  4:56  Missile Turret  
  53  4:59  Marine  
  51  5:02  Marine  
  51  5:03  Marine  
  51  5:04  SCV  
  54  5:12  Missile Turret  
  54  5:14  Marine x2  
  54  5:15  Marine  
  55  5:22  Marine  
  55  5:39  Supply Depot, Terran Infantry Weapons Level 1  
  55  5:40  Marine x6  
  61  5:48  Stimpack  
  54  6:22  Marine  
  54  6:23  Marine x8  
  57  6:40  Marine x2  
  57  6:41  Factory  
  57  6:47  Engineering Bay  
  58  7:04  Marine x3  
  58  7:05  Marine x6  
  62  7:22  Marine x2  
  64  7:23  Terran Infantry Armor Level 1  
  64  7:29  Starport  
  64  7:30  Factory Reactor  
  64  7:42  Armory  
  64  7:45  SCV  
  48  8:13  Marine  
  48  8:14  Marine x8  
  57  8:31  Marine  
  57  8:32  Marine x5  
  57  8:33  SCV  
  64  8:39  Marine  
  64  8:40  Marine  
  66  8:45  SCV  
  66  9:05  Marine  
  66  9:06  Marine x4  
  71  9:35  Command Center  
  71  9:38  Terran Infantry Weapons Level 2  
  71  9:54  Terran Infantry Armor Level 2  
  71  10:02  Marine  
  71  10:03  Medivac x2  
  76  10:08  SCV  
  77  10:26  Marine x2  
  77  10:27  Marine x6  
  85  10:36  SCV  
  86  10:46  Medivac  
  88  10:53  Orbital Command  
  88  11:00  SCV  
  89  11:12  SCV  
  90  11:21  SCV  
  90  11:24  SCV  
  90  11:25  Medivac x2  
  96  11:26  Marine x2  
  96  11:27  Marine x3  
  101  11:33  SCV, Refinery  
  101  11:38  Refinery  
  102  12:11  SCV, Marine  
  102  12:14  SCV  
  101  12:26  SCV  
  102  13:00  SCV, Marine x9  
  102  13:01  SCV  
  102  13:02  Terran Infantry Weapons Level 3  
  113  13:12  SCV  
  114  13:13  SCV  
  114  13:18  Marine x3  
  118  13:46  Supply Depot, SCV x2, Marine x6  
  126  13:48  Terran Infantry Armor Level 3  
  126  13:49  Marine x3  
  122  13:58  SCV x2  
  124  14:04  Marine x2  
  124  14:07  Marine x7  
  124  14:08  Supply Depot  
  133  14:10  SCV  
  134  14:17  Command Center  
  134  14:25  Marine x6  
  134  14:26  SCV x2  
  134  14:30  Marine x3  
  145  14:33  Supply Depot  
  145  14:38  SCV  
  98  14:43  Marine x4  
  100  14:47  Marine  
  100  14:55  Supply Depot  
  87  15:09  Marine x4  
  87  15:10  Medivac x2  
  94  15:20  Marine x4  
  82  15:32  Marine x3  
  82  15:33  Marine x2  
  87  15:36  SCV x2  
  87  15:38  Orbital Command  
  87  15:40  Medivac x2  
  93  15:45  Marine x4  
  93  15:49  Supply Depot  
  97  15:55  SCV x2  
  99  16:02  Orbital Command  
  99  16:07  SCV x2  
  99  16:10  Medivac x2  
  105  16:11  Command Center  
  105  16:16  Marine x3  
  105  16:17  Marine x5  
  105  16:18  Marine  
  114  16:22  SCV x2  
  116  16:29  SCV  
  117  16:39  Medivac  
  117  16:40  Medivac  
  120  16:54  SCV x3  
  120  16:57  Marine  
  120  16:58  Marine x8  
  130  17:06  SCV x3  
  130  17:07  Missile Turret  
  133  17:15  Marine  
  133  17:16  Marine x5  
  133  17:18  SCV x2  
  133  17:19  SCV  
  142  17:28  Missile Turret  
  136  17:30  SCV x2  
  136  17:31  SCV  
  131  17:59  Marine  
  131  18:00  Marine x8  
  131  18:04  SCV x2  
  142  18:05  Orbital Command  
  142  18:17  Marine  
  142  18:18  Marine x8  
  151  18:28  Refinery  
  142  18:35  Marine  
  142  18:36  Marine x8  
  138  18:53  Marine x4, Medivac  
  138  18:54  Marine x3, Medivac  
  138  18:55  Marine x2  
  146  19:04  SCV x3  
  149  19:16  SCV x3  
  151  19:23  Medivac x2  
  150  19:28  Orbital Command  
  150  19:29  SCV x3  
  142  19:37  Marine  
  142  19:38  Marine x8  
  149  19:41  SCV x3  
  152  19:53  Command Center, Medivac x2  
  152  19:55  Marine x4  
  152  19:56  SCV x3, Marine x5  
  152  19:57  SCV  
  169  20:12  Starport  
  169  20:13  Marine x9  
  178  20:18  Terran Vehicle And Ship Armor Level 1  
  178  20:19  SCV  
  179  20:24  Medivac  
  179  20:25  Medivac  
  183  20:28  SCV x3  
  183  20:31  Marine x9  
  195  20:36  Refinery  
  195  20:39  Refinery  
  195  20:47  SCV x4  
  195  20:48  Marine  
  200  21:09  Refinery  
  200  21:20  Orbital Command  
  198  22:27  Marine  
  129  22:57  Marine x9  
  128  23:00  Viking x2  
  128  23:04  Starport Reactor  
  128  23:12  Starport  
  123  23:14  Marine  
  123  23:15  Marine x8  
  130  23:20  Terran Vehicle And Ship Armor Level 2  
  130  23:27  Armory  
  130  23:30  Viking  
  130  23:32  Marine  
  130  23:33  Marine x8  
  141  23:37  Refinery  
  141  23:39  Starport  
  141  23:40  Viking  
  141  23:41  Starport, Viking x2  
  147  23:50  Starport Tech Lab, Starport, Marine  
  147  23:51  Marine x8  
  154  23:57  Fusion Core  
  154  24:08  Marine  
  154  24:09  Marine x8  
  163  24:20  Command Center  
  153  24:26  Marine  
  152  24:37  Starport Tech Lab x3  
  152  24:52  Terran Ship Weapons Level 1  
  152  24:55  Battlecruiser  
  152  24:59  Battlecruiser  
  170  25:00  Battlecruiser x2  
  170  25:04  Starport  
  176  25:13  Starport  
  176  25:34  Orbital Command  
  176  25:42  Starport Reactor  
  176  25:45  Starport Tech Lab  
  176  26:06  Weapon Refit  
  176  26:09  Battlecruiser x2  
  176  26:10  Battlecruiser x2  
  196  27:20  Command Center  
  192  27:31  Command Center  
  183  27:46  Battlecruiser x2  
  192  27:52  Terran Vehicle And Ship Armor Level 3, Terran Ship Weapons Level 2  
  191  28:12  Neosteel Armor  
  190  28:14  Hi-Sec Auto Tracking  
  190  28:25  Battlecruiser  
  196  28:44  Planetary Fortress  
  196  28:49  Refinery  
  192  29:12  Battlecruiser  
  198  29:57  Refinery  
  198  29:59  Refinery  
  198  30:19  Refinery  
Tags
 
Add a new tag
Caveats
  • Supply blocks, unpowered buildings, or Contaminate may cause inaccurate times.
  • Supply counts are checked every 10 seconds.